AoeStats
← TheyCallMeNicoleto

Arabia

510319140Analyzed
1v1 RM · 21h ago on Sep 30, 2026· 55m 53s· 2 players
Game mode
Random Map
Map size
Tiny (2 player)
Population
200
Speed
Normal
Resources
Standard
Victory
Conquest
Starting age
Dark Age
Ending age
Imperial Age
RankedLock teamsTeams togetherTeam positionsShared explorationLock speedFull tech treeHidden civsTurbo modeCheats
Victory
Defeat
🇹🇷 Goths · Türkiye
908
+17
🇦🇷 Franks · Argentina
933
-17
Yüce Ahmet
0:29 Loom
14:02 Feudal Age
15:22 Wheelbarrow
14:30 Horse Collar
14:39 Double-Bit Axe
20:14 Castle Age
20:42 Pikeman
21:22 Squires
22:33 Bow Saw
24:11 Bloodlines
24:51 Hand Cart
30:43 Forging
30:35 Scale Mail Armor
31:17 Fletching
32:58 Iron Casting
33:29 Chain Mail Armor
36:55 Gold Mining
36:56 Stone Mining
38:07 Scale Barding Armor
42:05 Elite Skirmisher
46:32 Imperial Age
45:18 Chain Barding Armor
44:54 Bodkin Arrow
46:24 Town Watch
47:40 Conscription
47:46 Perfusion
48:02 Halberdier
51:19 Light Cavalry
53:38 Two-Man Saw
56:47 Blast Furnace
55:48 Bracer
55:48 Padded Archer Armor
TheyCallMeNicoleto
8:02 Loom
10:34 Feudal Age
13:03 Double-Bit Axe
14:03 Town Watch
14:47 Forging
21:09 Castle Age
20:36 Scale Barding Armor
20:23 Fletching
20:43 Gold Mining
20:44 Stone Mining
21:28 Light Cavalry
22:15 Husbandry
24:52 Iron Casting
30:44 Ballistics
34:40 Scale Mail Armor
37:25 Squires
39:29 Wheelbarrow
40:41 Murder Holes
41:04 Bodkin Arrow
43:36 Masonry
47:30 Imperial Age
45:45 Chain Barding Armor
47:26 Padded Archer Armor
47:41 Chain Mail Armor
47:44 Cavalier
51:50 Architecture
52:23 Conscription
Connection lost

Rejoining the realm…

Still unreachable

The connection could not be restored.

Session expired

The server has moved on; the page needs a fresh start.